[Event "USA-ch Junior Girls 2018"]
[Site "Saint Louis"]
[Date "2018.07.20"]
[Round "8"]
[White "Vittal, Sanjana"]
[Black "Matus, Nastassja"]
[Result "1/2-1/2"]
[ECO "B11"]
[WhiteElo "1947"]
[BlackElo "1960"]
[Annotator "NA RC"]
[PlyCount "120"]
[EventDate "2018.07.12"]
[EventType "tourn"]
[EventCountry "USA"]
[SourceTitle "playchess.com"]
[Source "ChessBase"]
[SourceQuality "1"]
[TimeControl "40/5400+30:1800+30"]

1. e4 c6 2. Nc3 d5 3. Nf3 Bg4 4. h3 Bxf3 5. Qxf3 e6 6. d3 g6 {[%emt 0:00:40] B11: Caro-Kann (Zweispringer-Variante)} (6... Nd7 7. Bd2 Qb6 8. O-O-O Bd6 9. h4 Ne7 10. h5 Be5 11. h6 g6 12. Na4 Qc7 13. Nc3 Rc8 14. Ne2 c5 15. exd5 Nxd5 {0-1 (25) Liang,A (2572)-Mamedyarov,S (2804) chess.com INT 2018}) 7. Bd2 Bg7 8. O-O-O Nd7 9. g4 Ne7 10. Qg3 a5 $146 ({Vorgänger:} 10... Qb8 11. f4 g5 12. Qh2 gxf4 13. Bxf4 Be5 14. Bxe5 Qxe5 15. Qxe5 Nxe5 {0-1 (56) Heinz,A (2317)-Mchedlishvili,M (2515) Pulvermuehle 2005}) 11. exd5 cxd5 (11... Nxd5 $11 {hält das Gleichgewicht.} 12. Nxd5 cxd5) 12. Nb5 O-O 13. d4 Nc6 14. Bc3 (14. Bf4 $16) 14... Nb6 15. h4 Na4 16. Kb1 ({White should try} 16. Be1 $14) 16... Nxc3+ 17. Qxc3 Qb6 18. h5 Rfc8 19. Qe3 a4 20. c3 Na5 21. Na3 Rc7 22. Qd3 Nc4 23. Nxc4 dxc4 24. Qc2 a3 25. d5 $2 (25. hxg6 $17 {ist zäher.} hxg6 26. Ka1) 25... exd5 26. Rxd5 Qe6 27. Rd1 Qxg4 28. hxg6 Qxg6 29. Qxg6 hxg6 30. Rh4 axb2 31. Kxb2 b5 32. Bg2 Re8 33. Bf1 b4 34. Rxc4 Bxc3+ 35. Kb1 Ra7 36. Rc6 Kg7 37. Bc4 Re4 38. f3 Rh4 39. Bb3 Rh2 40. Kc1 Rf2 41. Rd3 Bb2+ 42. Kd1 Re7 43. Rc4 Rf1+ 44. Kc2 Re2+ 45. Rd2 Rxd2+ 46. Kxd2 Rxf3 47. Ke2 Rf5 48. Rxb4 Bc3 49. Rc4 Ba5 50. a4 $15 Kh6 51. Rc6 Kg5 52. Ra6 f6 53. Bc2 Rc5 54. Bd3 Bc3 55. Bb5 Kf4 56. Kd3 Kf5 57. Bc4 Be1 58. Bb5 Bc3 59. Bc4 Be1 60. Bb5 Bc3 1/2-1/2

[Event "USA-ch Junior Girls 2018"]
[Site "Saint Louis"]
[Date "2018.07.21"]
[Round "9"]
[White "Yip, Carissa"]
[Black "Yu, Jennifer"]
[Result "1/2-1/2"]
[ECO "A06"]
[WhiteElo "2364"]
[BlackElo "2358"]
[Annotator "RC"]
[PlyCount "62"]
[EventDate "2018.07.12"]
[EventType "tourn"]
[EventCountry "USA"]
[SourceTitle "playchess.com"]
[Source "ChessBase"]
[SourceQuality "1"]
[TimeControl "40/5400+30:1800+30"]

1. Nf3 d5 2. g3 Nf6 3. Bg2 e6 4. O-O Bd6 5. d4 O-O 6. c4 b6 7. Nc3 Bb7 8. cxd5 exd5 9. Nb5 Be7 10. Bf4 Na6 11. Rc1 c6 12. Nc3 Nc7 13. Bd2 Ne6 14. e3 Ne4 15. Nxe4 dxe4 16. Ne5 c5 17. dxc5 Nxc5 18. b4 Ne6 19. Nc6 Bxc6 20. Rxc6 Qd5 21. Qc2 Rad8 22. Bc1 Ng5 23. a3 Nf3+ 24. Bxf3 exf3 25. Rc4 Qh5 26. h4 Rd6 27. Bb2 Rg6 28. Rf4 Rg4 29. Qf5 Qxf5 30. Rxf5 Bxh4 31. Rxf3 Be7 1/2-1/2

[Event "USA-ch Junior Girls 2018"]
[Site "Saint Louis"]
[Date "2018.07.21"]
[Round "9"]
[White "Cervantes Landeiro, Thalia"]
[Black "Feng, Maggie"]
[Result "0-1"]
[ECO "E00"]
[WhiteElo "2208"]
[BlackElo "2236"]
[Annotator "RC"]
[PlyCount "88"]
[EventDate "2018.07.12"]
[EventType "tourn"]
[EventCountry "USA"]
[SourceTitle "playchess.com"]
[Source "ChessBase"]
[SourceQuality "1"]
[TimeControl "40/5400+30:1800+30"]

1. d4 e6 2. c4 Bb4+ 3. Nc3 Bxc3+ 4. bxc3 f5 5. Nf3 Nf6 6. e3 O-O 7. Bd3 b6 8. O-O Ba6 9. Nd2 Nc6 10. Qe2 Na5 11. e4 fxe4 12. Nxe4 Nxe4 13. Qxe4 g6 14. Qg4 Qf6 15. Bg5 Qf7 16. Bh6 Rfe8 17. Rfe1 Bxc4 18. Re3 Bxd3 19. Rxd3 Qf5 20. Qg3 Qh5 21. Qf4 Qf5 22. Qh4 e5 23. Rf3 Qe6 24. d5 Qd6 25. Rd1 e4 26. Rf6 Qe5 27. Rd4 Nb7 28. Bf4 Qh5 29. Qxh5 gxh5 30. Bxc7 Rac8 31. d6 Re5 32. h4 Nc5 33. f4 Ree8 34. Kf1 e3 35. Ke2 Ne4 36. Rxe4 Rxe4 37. Rf5 Rce8 38. g3 Ra4 39. Rg5+ Kf7 40. Rf5+ Kg6 41. Rg5+ Kf6 42. Re5 Rxe5 43. fxe5+ Kxe5 44. Kxe3 Rxa2 0-1

[Event "USA-ch Junior Girls 2018"]
[Site "Saint Louis"]
[Date "2018.07.21"]
[Round "9"]
[White "Samadashvili, Martha"]
[Black "Wu, Rochelle"]
[Result "1/2-1/2"]
[ECO "B52"]
[WhiteElo "2040"]
[BlackElo "2110"]
[Annotator "NA"]
[PlyCount "163"]
[EventDate "2018.07.12"]
[EventType "tourn"]
[EventCountry "USA"]
[SourceTitle "playchess.com"]
[Source "ChessBase"]
[SourceQuality "1"]
[TimeControl "40/5400+30:1800+30"]

1. e4 c5 2. Nf3 d6 3. Bb5+ Bd7 4. Bxd7+ Qxd7 5. c4 Nf6 6. Nc3 g6 {[%emt 0:00:36] B52: Sicilian: Moscow Variation with 3...Bd7} 7. d4 cxd4 8. Nxd4 Bg7 9. f3 (9. h3 Qc7 10. b3 Qa5 11. Bd2 Nxe4 12. Nxe4 Qe5 13. Qb1 f5 14. Bc3 Qxe4+ 15. Qxe4 fxe4 {1-0 (47) Malakhov,V (2691)-Timofeev,A (2579) Sochi 2018}) 9... O-O 10. O-O Rc8 11. b3 d5 12. e5 Ne8 13. Nxd5 e6 14. Nc3 Bxe5 15. Be3 Rd8 16. Nde2 Qc7 17. Qc2 Bxh2+ 18. Kh1 $146 Qe5 19. Qe4 Qh5 20. Qg4 Qxg4 21. fxg4 Be5 22. Rad1 Nc6 23. Ne4 Bg7 24. g5 b6 25. c5 bxc5 26. Bxc5 Be5 27. b4 a6 28. a4 Nc7 29. N2c3 Rxd1 30. Rxd1 Rd8 31. Rb1 Bxc3 32. Nxc3 Nd5 33. Ne4 {[%emt 0:08:24] [#]} (33. Nxd5 $1 $11 {bleibt in der Remisbreite.} Rxd5 34. Be3) 33... Rb8 $2 (33... Ncxb4 $1 $17 {[%mdl 512] hält den Druck.} 34. Rxb4 (34. Bxb4 $2 Rb8 $19) 34... Nxb4 35. Bxb4 Rd4 36. Nf6+ Kh8) 34. b5 axb5 35. axb5 Kg7 36. b6 Nd8 37. Bd6 Rb7 38. Nc5 Rxb6 39. Rxb6 Nxb6 40. Be5+ Kg8 41. Bc7 Nd5 42. Bxd8 Kg7 43. Ne4 h6 44. Kh2 hxg5 45. Nxg5 Ne3 46. Kg3 Nf5+ 47. Kf4 Nd4 ({Lieber} 47... Nd6 48. Ke5 Nc4+ 49. Kd4 Nd6) 48. Ne4 e5+ 49. Ke3 f5 50. Bf6+ Kh6 51. Bxe5 Ne6 52. Nd6 Kh5 53. Kf3 Nc5 54. Bf6 Nd7 55. Bd4 Nf8 56. Be3 Ne6 57. g3 $2 (57. Bb6 $142) 57... Nc7 $1 58. Nf7 Ne6 59. Nd6 ({Lieber} 59. Ne5 $16) 59... Nc7 60. Bc1 Ne6 61. Bb2 Ng5+ {[%emt 0:00:26] [#]} 62. Kf4 $2 Nh3+ $11 63. Kf3 Ng5+ {[%emt 0:00:06] [#]} {Weiss braucht} 64. Kg2 $1 $18 Ne6 65. Bc1 f4 66. Ne8 g5 67. gxf4 gxf4 68. Kf3 Kg6 69. Kg4 Nd4 70. Bxf4 Nb5 71. Be5 Na7 72. Nd6 Nc6 73. Bb2 Ne7 74. Nc4 Kf7 75. Kf4 Ke6 76. Ke4 Nf5 77. Be5 Ne7 78. Na5 Ng8 79. Nb7 Nf6+ 80. Kd4 Nd7 81. Bg3 Nf6 82. Nc5+ 1/2-1/2

[Event "USA-ch Junior Girls 2018"]
[Site "Saint Louis"]
[Date "2018.07.21"]
[Round "9"]
[White "Morris-Suzuki, Sophie"]
[Black "Vittal, Sanjana"]
[Result "1-0"]
[ECO "D31"]
[WhiteElo "1980"]
[BlackElo "1947"]
[Annotator "NA RC"]
[PlyCount "101"]
[EventDate "2018.07.12"]
[EventType "tourn"]
[EventCountry "USA"]
[SourceTitle "playchess.com"]
[Source "ChessBase"]
[SourceQuality "1"]
[TimeControl "40/5400+30:1800+30"]

1. d4 d5 2. c4 e6 3. Nc3 Bb4 4. a3 Bxc3+ 5. bxc3 Nf6 6. e3 c6 7. Bd3 O-O 8. cxd5 exd5 9. f3 Re8 10. Ne2 b6 11. O-O {[%emt 0:00:36] E27: Nimzo-Indian: Sämisch: 5...0-0 6 f3} Ba6 12. Ng3 c5 13. Ra2 Bxd3 14. Qxd3 Nc6 15. Re2 Qd7 16. Bb2 Rad8 17. Nf5 $146 ({Predecessor:} 17. Rd1) 17... Ne7 18. Ng3 h5 19. e4 h4 20. Nh1 Ng6 21. Ree1 Nh5 22. Nf2 Nhf4 23. Qd2 Qc7 24. Ng4 c4 25. Nf2 Qe7 26. Nh3 {[%emt 0:09:32] [#]} (26. Bc1 $15) 26... Nxh3+ $1 27. gxh3 Qd7 ({Besser ist} 27... dxe4 $17 28. Rxe4 {[#]} Ne5 $1 ) 28. Kg2 (28. e5 $17) 28... Qc6 29. e5 Qe6 30. Qg5 Qe7 31. Qg4 Qd7 32. f4 Qxg4+ 33. hxg4 f5 34. gxf5 Ne7 35. f6 gxf6 36. f5 Kf7 37. e6+ Kg7 38. a4 Rh8 39. Ba3 Rde8 40. Kh3 Rh5 41. Rg1+ Rg5 42. Bxe7 Rxe7 43. Kxh4 Rxg1 44. Rxg1+ Kf8 45. Rg6 Rh7+ 46. Kg4 Ke7 47. h4 a5 48. h5 b5 49. axb5 a4 50. h6 Kd6 51. Rg7 1-0

[Event "USA-ch Junior Girls 2018"]
[Site "Saint Louis"]
[Date "2018.07.21"]
[Round "9"]
[White "Matus, Nastassja"]
[Black "Nguyen, Emily"]
[Result "0-1"]
[ECO "D00"]
[WhiteElo "1960"]
[BlackElo "2215"]
[Annotator "RC"]
[PlyCount "88"]
[EventDate "2018.07.12"]
[EventType "tourn"]
[EventCountry "USA"]
[SourceTitle "playchess.com"]
[Source "ChessBase"]
[SourceQuality "1"]
[TimeControl "40/5400+30:1800+30"]

1. d4 d5 2. Bf4 c5 3. e3 Nc6 4. Nf3 Nf6 5. Nbd2 Bg4 6. c3 e6 7. Be2 Bd6 8. Ne5 Bxe2 9. Qxe2 Qc7 10. Nxc6 Bxf4 11. Nxa7 Rxa7 12. exf4 cxd4 13. cxd4 Qxf4 14. Qb5+ Nd7 15. Nf3 Qe4+ 16. Kd2 Qf4+ 17. Ke2 Qe4+ 18. Kd2 b6 19. Rhc1 O-O 20. Qd3 Qf4+ 21. Qe3 Qd6 22. a3 b5 23. Qc3 g6 24. g3 Rfa8 25. Rab1 Nb6 26. Qc5 Qb8 27. Ne5 Qb7 28. Ke2 Nc4 29. Nxc4 bxc4 30. h3 Ra5 31. Qd6 Rb5 32. Rc2 Rb3 33. h4 c3 34. Qc5 Qa6+ 35. Ke3 Rc8 36. Rxc3 Rxc3+ 37. bxc3 Rxc5 38. dxc5 Qxa3 39. Rb8+ Kg7 40. Kd4 Qa2 41. Ke3 Qc4 42. Rc8 Qxc3+ 43. Ke2 d4 44. c6 d3+ 0-1